 Dungeon Crawl Stone Soup version 0.24.0-123-gd5b16e6ec5 (webtiles) character file.

Game seed: 13602698586101302669, levelgen mode: deterministic

163 Destapler the Chopper (level 5, -1/69 HPs)
             Began as a Draconian Berserker on Dec 17, 2019.
             Was a Believer of Trog.
             Slain by a gnoll (3 damage)
             ... on level 4 of the Dungeon.
             The game lasted 00:04:29 (1190 turns).

Destapler the Chopper (Draconian Berserker)         Turns: 1190, Time: 00:04:29

Health: -1/69      AC:  5    Str: 25    XL:     5   Next: 20%
Magic:  5/5        EV: 13    Int:  8    God:    Trog [**....]
Gold:   65         SH:  0    Dex: 10    Spells: 4/4 levels left

rFire    . . .     SeeInvis .   a - +0 hand axe
rCold    . . .     Gourm    .   (no shield)
rNeg     . . .     Faith    .   (armour unavailable)
rPois    .         Spirit   .   (helmet restricted)
rElec    .         Reflect  .   (no cloak)
rCorr    .         Harm     .   (no gloves)
MR       .....                  (no boots)
Stlth    ..........             (no amulet)
HPRegen  0.21/turn              (no ring)
MPRegen  0.09/turn              (no ring)

@: berserking, very quick
A: unfitting armour, cold-blooded, AC +5
a: Berserk, Trog's Hand, Renounce Religion


You were on level 4 of the Dungeon.
You worshipped Trog.
Trog was pleased with you.
You were hungry.

You visited 1 branch of the dungeon, and saw 3 of its levels.

You collected 65 gold pieces.

Inventory:

Hand Weapons
 a - a +0 hand axe (weapon)
Missiles
 g - 16 poisoned darts (quivered)
 j - 35 stones
Scrolls
 c - a scroll of fear {unknown}
 d - a scroll of remove curse {unknown}
 e - a scroll of teleportation {unknown}
 f - a scroll of enchant armour {unknown}
 i - 2 scrolls of identify {unknown}
 k - a scroll of enchant weapon {unknown}
Potions
 h - 3 potions of curing {unknown}
 l - 2 potions of flight {unknown}
Comestibles
 b - 2 rations
 m - 2 chunks of flesh


   Skills:
 + Level 4.2 Fighting
 + Level 4.3 Axes
 + Level 3.9 Dodging
 + Level 0.2 Stealth


You had 4 spell levels left.
You didn't know any spells.
Your spell library contained the following spells:

 Spells                   Type           Power        Failure   Level  Hunger
 Animate Skeleton         Necr           N/A          41%         1    ##.....
 Apportation              Tloc           #.....       41%         1    ##.....
 Confusing Touch          Hex            #.....       41%         1    ##.....
 Summon Small Mammal      Summ           #...         41%         1    ##.....


Dungeon Overview and Level Annotations

Branches:
Dungeon (2/15)             Temple (0/1) D:4

Altars:

Annotations:
D:4 Natasha, Robin


Innate Abilities, Weirdness & Mutations

Your plain brown scales are hard. (AC +5)
You cannot fit into any form of body armour.
You are cold-blooded and may be slowed by cold attacks.


Message History

You hit the gnoll.
The gnoll is severely wounded.
You hit the gnoll.
You kill the gnoll!
Trog accepts your kill.
You miss the goblin. The goblin misses you.
The gnoll hits you but does no damage.
You slash the gnoll!
You kill the gnoll!
Trog accepts your kill.
You slash the gnoll! You hit the goblin.
You kill the goblin!
Trog accepts your kill.
You barely miss the hobgoblin. The gnoll barely misses you.
The hobgoblin hits you.
* * * LOW HITPOINT WARNING * * *
You hit the gnoll.
The gnoll is severely wounded.
You barely miss the hobgoblin. The gnoll hits you.
You die...

##### # #...# .#
#...# ..# #####
#...# ..?.
.....(##..(##gh...
......''..ggg.....
......##(gg# .....
#)@.# ....
##)g.### ...
+......# ..
#......# #
#.####...# ##.###
..#. #....# #.# .
####..#.# .#
##....(..#


You could see Robin, Natasha, a gnoll, a hobgoblin and 4 goblins.

Vanquished Creatures
  A hound (D:4)
  An orc wizard (D:4)
  A worker ant (D:4)
  3 gnolls (D:4)
  2 adders
  A dart slug (D:1)
  3 leopard geckos
  3 orcs (D:4)
  A bat (D:2)
  A giant cockroach (D:1)
  5 goblins
  A hobgoblin (D:1)
  3 frilled lizards
  2 kobolds (D:1)
  4 rats (D:1)
32 creatures vanquished.

Notes
Turn   | Place    | Note
-------+----------+-------------------------------------------
     0 | D:1      | Destapler the Draconian Berserker began the quest for the
                  | Orb.
     0 | D:1      | Reached XP level 1. HP: 19/19 MP: 1/1
   238 | D:1      | Reached XP level 2. HP: 26/26 MP: 2/2
   664 | D:2      | Found a faded altar of an unknown god.
   886 | D:2      | Reached XP level 3. HP: 27/33 MP: 3/3
   994 | D:2      | You fall into a shaft and drop 2 floors!
   994 | D:4      | Found a staircase to the Ecumenical Temple.
  1003 | D:4      | Reached XP level 4. HP: 40/40 MP: 4/4
  1178 | D:4      | Noticed Robin
  1179 | D:4      | Noticed Natasha
  1180 | D:4      | Reached ** piety under Trog
  1182 | D:4      | Reached XP level 5. HP: 27/46 MP: 5/5
  1185 | D:4      | HP: 2/69 [gnoll/+0 spear (8)]
  1190 | D:4      | Slain by a gnoll

Levels and vault maps discovered:
D:1:      eino_arrival_cavern_d, layout_basic
D:2:      layout_loops_ring, lemuel_doored_altar,
          chequers_ecumenical_altar_grove, uniq_jessica
D:4:      layout_basic, kennysheep_little_box,
          gammafunk_temple_overflow_forgotten, minmay_temple_entry_butterflies,
          chequers_serial_rivers_micro_c, uniq_ijyb, uniq_robin, uniq_natasha

Skill      XL: |  1  2  3  4 |
---------------+-------------+-----
Dodging        | 3 |  3.9
Fighting       | 4 |  4.2
Axes           | 4 |  4.3
Stealth        | |  0.2

Action                   |  1- 3 |  4- 6 || total
-------------------------+-------+-------++-------
Melee: Hand axe          |    63 |    30 ||    93
       Tailslap          |     9 |     3 ||    12
Invok: Berserk           |     2 |     1 ||     3
  Eat: Chunk             |     1 |     2 ||     3
Armor: Skin              |    17 |    10 ||    27
Dodge: Dodged            |    40 |    43 ||    83
